 Dungeon Crawl Stone Soup version 0.28.0-47-ge53b351184 (webtiles) character file.

Game seed: 2944617799159701999

60 Mattiprrivan the Poker (level 4, -1/37 HPs)
             Began as a Merfolk Fighter on May 1, 2022.
             Was a Plaything of Xom.
             Succumbed to an adder's poison
             ... on level 1 of the Dungeon.
             The game lasted 00:04:59 (1112 turns).

Mattiprrivan the Poker (Merfolk Fighter)            Turns: 1112, Time: 00:04:59

Health: -1/37      AC:  7    Str: 18    XL:     4   Next: 6%
Magic:  4/4        EV:  9    Int:  7    God:    Xom [..*...]
Gold:   53         SH:  4    Dex: 13    Spells: 3/3 levels left

rFire   . . .      SeeInvis .   a - +0 trident
rCold   . . .      Faith    .   c - +0 buckler
rNeg    . . .      Spirit   .   b - +0 scale mail
rPois   .          Reflect  .   e - +0 helmet
rElec   .          Harm     .   (no cloak)
rCorr   .          Rampage  .   (no gloves)
Will    +....                   (no boots)
Stlth   ..........              (no amulet)
HPRegen 0.12/turn               f - ring of willpower
MPRegen 0.09/turn               (no ring)

@: mighty, lethally poisoned (-1 -> -6)
A: (nimble swimmer 2), mertail
a: Renounce Religion


You were on level 1 of the Dungeon.
You worshipped Xom.
You were a toy of Xom.
You visited 1 branch of the dungeon, and saw 2 of its levels.

You collected 53 gold pieces.

Inventory:

Hand Weapons
 a - a +0 trident (weapon)
Armour
 b - a +0 scale mail (worn)
 c - a +0 buckler (worn)
 e - a +0 helmet (worn)
Jewellery
 f - a ring of willpower (left hand)


   Skills:
 * Level 3.9 Fighting
 * Level 4.1 Polearms
 * Level 2.4 Armour
 * Level 1.1 Dodging
 * Level 0.9 Stealth
 * Level 3.2 Shields


You had 3 spell levels left.
You didn't know any spells.
Your spell library was empty.

Dungeon Overview and Level Annotations

Branches:
Dungeon (2/15)

Altars:
Xom


Innate Abilities, Weirdness & Mutations

((You are very nimble when in or above water. (Stealth+, EV+, Speed+++)))
Your lower body shifts to a powerful aquatic tail in water.


Message History

The gnoll hits you from afar with a +0 halberd!
The gnoll hits you from afar with a +0 spear.
Reach: a) +0 trident
Press: ? - help, Dir - move target, f/p - gnoll
Aim: a gnoll, wielding a +0 halberd (severely wounded, about 37% to evade your +0 trident)
You reach to attack!
You completely miss the gnoll.
The gnoll is severely wounded.
The gnoll hits you from afar with a +0 halberd.
The gnoll hits you from afar with a +0 spear.
Reach: a) +0 trident
Press: ? - help, Dir - move target, f/p - gnoll
Aim: a gnoll, wielding a +0 halberd (severely wounded, about 37% to evade your +0 trident)
You reach to attack!
You closely miss the gnoll.
The gnoll is severely wounded.
An adder comes into view.
The gnoll hits you from afar with a +0 halberd!
The gnoll hits you from afar with a +0 spear.
* * * LOW HITPOINT WARNING * * *
Reach: a) +0 trident
Press: ? - help, Dir - move target, f/p - gnoll
Aim: a gnoll, wielding a +0 halberd (severely wounded, about 37% to evade your +0 trident)
You reach to attack!
You completely miss the gnoll.
The gnoll is severely wounded.
The gnoll hits you from afar with a +0 halberd.
* * * LOW HITPOINT WARNING * * *
The gnoll hits you but does no damage.
An adder comes into view.
There is a stone staircase leading up here.
The adder closely misses you. The gnoll barely misses you.
The gnoll hits you but does no damage. The adder bites you.
* * * LOW HITPOINT WARNING * * *
You are lethally poisoned!
The adder poisons you!
You climb upwards.
* * * LOW HITPOINT WARNING * * *
You feel sick.
There is a stone staircase leading down here.
You miss the adder.
You die...
Xom cackles wildly!

..#.# #.##...[...........#...
..#.#######.........>........#.##
..........#............##........
..........÷.......#######...##.##
...............###########.###.##
.............................#.#[
...............#.#############.#.
.)...##...#.....S................
.....##...##...#@###########...#.
.....##...........# #.†.#.
.....###..##...#..# #...## .....#
#..######..##########.....
..†..###..######.................
###....................##########
# #.......#######......#######...
# #......[# #..................
#.......#####.#......#########.


You could see an adder.

Vanquished Creatures
  2 gnolls (D:2)
  A dart slug (D:1)
  A bat (D:1)
  3 endoplasms (D:1)
  2 giant cockroaches (D:1)
  5 hobgoblins (D:1)
  9 jackals (D:1)
  A kobold (D:1)
  3 quokkas
  3 ball pythons (D:1)
  A frilled lizard (D:1)
  A goblin (D:1)
  A rat (D:1)
33 creatures vanquished.

Notes
Turn   | Place    | Note
-------+----------+-------------------------------------------
     0 | D:1      | Mattiprrivan the Merfolk Fighter began the quest for the
                  | Orb.
     0 | D:1      | Reached XP level 1. HP: 18/18 MP: 1/1
   152 | D:1      | Reached XP level 2. HP: 24/24 MP: 2/2
   545 | D:1      | Reached XP level 3. HP: 30/30 MP: 3/3
  1016 | D:1      | Found a faded altar of an unknown god.
  1051 | D:1      | Prayed at the altar of an unknown god.
  1051 | D:1      | Became a worshipper of Xom of Chaos
  1102 | D:2      | Reached skill level 4 in Polearms
  1102 | D:2      | Reached skill level 1 in Dodging
  1103 | D:2      | Reached XP level 4. HP: 37/37 MP: 4/4
  1111 | D:1      | HP: 1/37 [poisoned by an adder]
  1112 | D:1      | Succumbed to an adder's poison

Illustrated notes

Levels and vault maps discovered:
D:1:      nagdon_arrival_double_spiral, layout_basic,
          hellmonk_ecumenical_altar_leap_of_faith
D:2:      layout_rooms, chequers_arboretum, chequers_garden, uniq_sigmund

Skill      XL: |  1  2  3 |
---------------+----------+-----
Polearms       | 4 |  4.1
Dodging        | 1 |  1.1
Fighting       | |  3.9
Armour         | |  2.4
Stealth        | |  0.9
Shields        | |  3.2

Action                   |  1- 3 |  4- 6 || total
-------------------------+-------+-------++-------
Melee: Trident           |    69 |     6 ||    75
  Use: Potion            |     4 |       ||     4
       Scroll            |     2 |       ||     2
Armor: Scale mail        |    17 |     3 ||    20
Dodge: Dodged            |    15 |     2 ||    17
Block: Buckler           |     9 |     1 ||    10
